 Dungeon Crawl Stone Soup version 0.30-b1-2-g02819fbbbe (webtiles) character file.

Game seed: 14990887415515737722

(classic levelgen) 1027 EnegeticOcto the Chopper (level 8, -3/70 HPs)
             Began as a Minotaur Fighter on May 8, 2023.
             Was a Believer of Cheibriados.
             Slain by Duvessa
             ... wielding a +2 short sword of venom
              (9 damage)
             ... on level 5 of the Dungeon.
             The game lasted 00:02:18 (3043 turns).

EnegeticOcto the Chopper (Minotaur Fighter)         Turns: 3043, Time: 00:02:19

Health: -3/70      AC: 15    Str: 29    XL:     8   Next: 3%
Magic:  7/7        EV:  8    Int: 11    God:    Cheibriados [**....]
Gold:   155        SH:  6    Dex: 16    Spells: 7/7 levels left

rFire   . . .        a - +0 war axe
rCold   . . .        c - +0 buckler
rNeg    . . .        q - +0 chain mail
rPois   +            i - +1 hat
rElec   .            v - +2 cloak {rPois}
rCorr   .            (no gloves)
SInv    .            t - +0 pair of boots
Will    .....        (no amulet) Stlth
                     (no ring)
HPRegen 0.31/turn    (no ring)
MPRegen 0.10/turn

%: no passive effects
@: mighty, very slow
A: horns 2, retaliatory headbutt
a: Renounce Religion, Bend Time


You were on level 5 of the Dungeon.
You worshipped Cheibriados.
Cheibriados was pleased with you.
You visited 1 branch of the dungeon, and saw 5 of its levels.

You collected 155 gold pieces.

Inventory:

Hand Weapons
 a - a +0 war axe (weapon)
Armour
 c - a +0 buckler (worn)
 i - a +1 hat (worn)
   (You acquired it on level 3 of the Dungeon)
 q - a +0 chain mail (worn)
   (You found it on level 2 of the Dungeon)
 t - a +0 pair of boots (worn)
   (You found it on level 3 of the Dungeon)
 v - a +2 cloak of poison resistance (worn)
   (You took it off Crazy Yiuf on level 3 of the Dungeon)
Wands
 u - a wand of light (9) {@v1}
   (You found it on level 3 of the Dungeon)
Scrolls
 e - 2 scrolls of fear
 k - a scroll of fog {unknown}
 l - 3 scrolls of poison {unknown}
 o - 2 scrolls of noise
 p - a scroll of enchant weapon {unknown}
 r - a scroll of silence {unknown}
 s - a scroll of identify {unknown}
Potions
 b - 3 potions of flight {unknown}
 f - 2 potions of heal wounds {unknown}
 g - 4 potions of curing {@q1}
 h - a potion of attraction {unknown}
 j - a potion of mutation {unknown}
 m - a potion of invisibility {unknown}
 n - a potion of ambrosia {unknown}


   Skills:
 + Level 6.1 Fighting
 * Level 7.4 Axes
 + Level 6.1 Armour
 + Level 6.1 Shields


You had 7 spell levels left.
You didn't know any spells.
Your spell library was empty.

Dungeon Overview and Level Annotations

Branches:
Dungeon (5/15)             Temple (0/1) D:4

Altars:
Ashenzari
Cheibriados
Gozag

Annotations:
D:5 Duvessa


Innate Abilities, Weirdness & Mutations

You have a pair of horns on your head.
You reflexively headbutt those who attack you in melee.


Message History

Dowan, Brother of Duvessa comes into view.
He is wielding a +0 dagger of freezing.
The orc hits you but does no damage.
You hit the orc.
The orc is heavily wounded.
You barely miss something. You closely miss the phantom.
Something hits you but does no damage. The phantom hits you.
You block the orc's attack.
You slash the orc!
You kill the orc!
Cheibriados thoroughly appreciates the change of pace.
You hit the phantom but do no damage. You miss something.
The phantom hits you but does no damage.
You hear some strange, mumbled words.
A puff of flame appears from out of thin air!
The puff of flame hits you.
An orc priest comes into view.
It is wielding a +1 falchion of holy wrath.
Duvessa hits you with a +2 short sword of venom.
Something hits you but does no damage.
The phantom hits you but does no damage.
The orc priest shouts!
You hit Duvessa. You headbutt Duvessa.
Duvessa is lightly wounded.
You closely miss the phantom. You hit something.
You block the phantom's attack. Something hits you but does no damage.
A white imp comes into view.
The orc priest mumbles some strange prayers to Beogh against you.
Beogh smites you!
You hit Duvessa but do no damage.
Duvessa is lightly wounded.
You barely miss Dowan. You closely miss the phantom. You hit something.
The phantom hits you but does no damage.
Duvessa hits you but does no damage. Something hits you but does no damage.
Dowan hits you but does no damage.
You hit Duvessa.
Duvessa is lightly wounded.
You hit Dowan but do no damage. You closely miss the phantom.
You barely miss something. You block Duvessa's attack.
You hear some strange, mumbled words.
A magic dart appears from out of thin air!
The magic dart hits you. The phantom hits you.
Dowan hits you but does no damage.
You hit Duvessa but do no damage.
Duvessa is lightly wounded.
You closely miss something. You closely miss Dowan.
You barely miss the phantom. Duvessa hits you but does no damage.
Something hits you but does no damage.
The phantom hits you but does no damage.
An orc wizard comes into view. It is wielding a +0 dagger.
Dowan hits you with a +0 dagger of freezing.
Dowan freezes you.
You are too injured to fight recklessly!
You are too injured to fight recklessly!
You are too injured to fight recklessly!
You are too injured to fight recklessly!
You are too injured to fight recklessly!
You are too injured to fight recklessly!
You are too injured to fight recklessly!
You are too injured to fight recklessly!
You are too injured to fight recklessly!
You are too injured to fight recklessly!
You are too injured to fight recklessly!
You feel very mighty all of a sudden.
The orc wizard shouts!
You hear a shout!
Duvessa hits you but does no damage. The phantom completely misses you.
You hear some strange, mumbled words.
A magic dart appears from out of thin air!
The magic dart hits you but does no damage.
You block Dowan's attack.
The orc priest calls down the wrath of Beogh upon you.
Beogh smites you!
* * * LOW HITPOINT WARNING * * *
You slice Dowan!! Your headbutt misses Dowan.
Dowan is severely wounded.
You closely miss the phantom. You slice Duvessa!! You hit something.
Duvessa closely misses you. Something hits you but does no damage.
The phantom hits you but does no damage.
The orc wizard mumbles some strange words.
The orc wizard flickers and vanishes!
Dowan hits you with a +0 dagger of freezing.
* * * LOW HITPOINT WARNING * * *
Dowan freezes you.
* * * LOW HITPOINT WARNING * * *
You closely miss the phantom. Your headbutt misses the phantom.
You slash Dowan!
You kill Dowan!
Cheibriados appreciates the change of pace.
Cheibriados raises the support of your attributes as your movement slows.
Duvessa screams, "No!
How DARE you!"
Duvessa goes berserk!
You barely miss Duvessa. You slash something!
Cheibriados appreciates the change of pace.
Reactivating autopickup.
You feel a bit more experienced.
Duvessa hits you with a +2 short sword of venom!
* * * LOW HITPOINT WARNING * * *
The white imp gestures at you.
The puff of frost hits you but does no damage.
The phantom barely misses you.
An orc wizard comes into view. It is wielding a +1 dagger of draining.
Duvessa hits you with a +2 short sword of venom!
You die...

#.###..#####.#
#.###..#### .#
###.#.......##.#
#.o...#..##.##.# .
#.#.###..##.##.##.
#.#..............#
#5######.##.#..#.#
####)###
#.##.......
##..)@e.#
#.####..#.#
#....Wo.#
#.####..#.#
#.....).#
..........#
#.......#
..........#
##......#
...........
####.###
........... #.#
........)>. #.#
........).. #.#
##########.


You could see Duvessa (berserk), a phantom, an orc priest, an orc wizard and a
white imp.

Vanquished Creatures
  A water moccasin (D:5)
  2 black bears (D:5)
  An ogre (D:5)
  Blork the orc (D:5)
  2 scorpions
  Dowan (D:5)
  3 hounds (D:5)
  A jelly (D:4)
  Crazy Yiuf (D:3)
  A gnoll bouda (D:4)
  2 orc wizards (D:5)
  Natasha (thrice) (D:3)
  5 gnolls
  6 adders
  4 dart slugs
  7 orcs
  9 ball pythons
  9 endoplasms
  4 giant cockroaches
  7 goblins
  3 hobgoblins
  3 jackals (D:1)
  10 kobolds
  4 quokkas
  2 bats
  A frilled lizard (D:2)
  3 rats
96 creatures vanquished.

Notes
Turn   | Place    | Note
-------+----------+-------------------------------------------
     0 | D:1      | EnegeticOcto the Minotaur Fighter began the quest for the
                  | Orb.
     0 | D:1      | Reached XP level 1. HP: 19/19 MP: 0/0
   120 | D:1      | Reached XP level 2. HP: 24/27 MP: 1/1
   148 | D:1      | Reached skill level 3 in Axes
   257 | D:1      | Reached XP level 3. HP: 32/33 MP: 2/2
   502 | D:1      | You fall into a shaft and drop 1 floor!
   720 | D:2      | Found a snail-covered altar of Cheibriados.
   733 | D:2      | Became a worshipper of Cheibriados the Contemplative
   877 | D:2      | Reached XP level 4. HP: 8/40 MP: 3/3
  1177 | D:3      | Noticed Natasha
  1178 | D:3      | Found a broken altar of Ashenzari.
  1181 | D:3      | Killed Natasha
  1182 | D:3      | Reached skill level 4 in Axes
  1199 | D:3      | Found an opulent altar of Gozag.
  1366 | D:3      | Found a runed translucent door.
  1367 | D:3      | Noticed Crazy Yiuf
  1578 | D:3      | Noticed Natasha
  1588 | D:3      | Killed Natasha
  1599 | D:3      | Noticed Natasha
  1603 | D:3      | Killed Natasha
  1604 | D:3      | Reached XP level 5. HP: 46/47 MP: 4/4
  1628 | D:3      | Reached * piety under Cheibriados
  1901 | D:3      | Killed Crazy Yiuf
  1910 | D:3      | Identified the +6 hammer "Vugyopt" {drain, rF+}
  2037 | D:3      | Identified a scroll of acquirement
  2037 | D:3      | Acquired a +1 hat
  2108 | D:4      | Reached skill level 5 in Axes
  2180 | D:4      | Reached XP level 6. HP: 55/55 MP: 5/5
  2270 | D:4      | Reached skill level 5 in Armour
  2270 | D:4      | Reached skill level 5 in Shields
  2272 | D:4      | Reached skill level 5 in Fighting
  2275 | D:4      | Reached ** piety under Cheibriados
  2591 | D:4      | Found a staircase to the Ecumenical Temple.
  2658 | D:5      | Entered Level 5 of the Dungeon
  2754 | D:5      | Reached skill level 6 in Axes
  2754 | D:5      | Reached XP level 7. HP: 58/61 MP: 6/6
  2790 | D:5      | Noticed Blork the orc
  2799 | D:5      | Killed Blork the orc
  2989 | D:5      | Reached skill level 7 in Axes
  3029 | D:5      | Reached XP level 8. HP: 66/70 MP: 7/7
  3032 | D:5      | Noticed Duvessa
  3034 | D:5      | Noticed Dowan
  3043 | D:5      | Killed Dowan
  3043 | D:5      | Slain by Duvessa

Illustrated notes

Levels and vault maps discovered:
D:1:      saegor_arrival_fortress, layout_basic
D:2:      layout_loops_ring, basic_altar
D:3:      layout_loops_ring, chequers_temple_overflow_statue_of_worship,
          minmay_checkerbox, uniq_crazy_yiuf_cottage, uniq_natasha
D:4:      layout_cave_pools, minmay_temple_entry_antechambers
D:5:      layout_loops_cross, kennysheep_mini,
          nicolae_ossuary_entry_false_entrances, uniq_duvessa,
          uniq_blork_the_orc

Skill      XL: |  1  2  3  4  5  6  7 |
---------------+----------------------+-----
Axes           | 3 4 5 6 7 |  7.4
Armour         | 4 5 6 |  6.1
Shields        | 4 5 6 |  6.1
Fighting       | 4 5 6 |  6.1

Action                     |  1- 3 |  4- 6 |  7- 9 || total
---------------------------+-------+-------+-------++-------
  Melee: War axe           |    79 |    91 |    31 ||   201
         Headbutt          |     9 |    19 |     9 ||    37
    Use: Scroll            |       |     6 |       ||     6
         Potion            |       |     1 |     1 ||     2
 Armour: Scale mail        |    14 |       |       ||    14
         Chain mail        |    18 |    49 |    28 ||    95
  Dodge: Dodged            |    38 |    34 |    21 ||    93
  Block: Buckler           |    18 |    19 |     5 ||    42
